 Dungeon Crawl Stone Soup version 0.20.1-1-g8b1a95d (webtiles) character file.

188 gobwax the Firebug (level 5, -6/31 HPs)
             Began as an Octopode Fire Elementalist on Aug 24, 2017.
             Mangled by an orc priest
             ... wielding a +0 short sword
              (9 damage)
             ... on level 3 of the Dungeon.
             The game lasted 00:08:49 (2707 turns).

gobwax the Firebug (Octopode Fire Elementalist)     Turns: 2707, Time: 00:08:50

Health: -6/31      AC:  1    Str:  7    XL:     5   Next: 67%
Magic:  8/10       EV: 13    Int: 18    God:
Gold:   153        SH:  0    Dex: 13    Spells: 5/11 levels left

rFire    . . .     SeeInvis .   (no weapon)
rCold    . . .     Gourm    .   (no shield)
rNeg     . . .     Faith    .   (helmet restricted)
rPois    .         Spirit   .   (no amulet)
rElec    .         Reflect  .   n - ring of stealth
rCorr    .         Harm     .   (no ring)
MR       .....                  (no ring)
Stlth    ++++......             (no ring)
Regen    0.1/turn               (no ring)
MPRegen  0.2/turn               (no ring)
                                (no ring)
                                (no ring)

@: no status effects
A: almost no armour, stealthy swim, amphibious, 8 rings, constrict 8, camouflage
1, gelatinous body 1
a: no special abilities


You were on level 3 of the Dungeon.
You were not hungry.

You visited 1 branch of the dungeon, and saw 3 of its levels.

You collected 153 gold pieces.

Inventory:

Hand Weapons
 e - a -3 dagger
Jewellery
 n - a ring of stealth (left tentacle)
Scrolls
 k - a scroll of fear
Potions
 q - a potion of haste {unknown}
Books
 a - a book of Flames

   Spells                             Type                      Level
   a - Flame Tongue                   Conjuration/Fire             1
   b - Throw Flame                    Conjuration/Fire             2
   c - Conjure Flame                  Conjuration/Fire             3
   d - Inner Flame                    Hexes/Fire                   3
   e - Sticky Flame                   Conjuration/Fire             4
   f - Fireball                       Conjuration/Fire             5
Comestibles
 b - 3 bread rations
 c - 9 chunks of flesh
 d - 2 meat rations
 f - 2 royal jellies
 p - a fruit


   Skills:
 - Level 2.0 Dodging
 - Level 2.6 Stealth
 + Level 3.8 Spellcasting
 + Level 2.4 Conjurations
 + Level 4.2 Fire Magic


You had 5 spell levels left.
You knew the following spells:

 Your Spells              Type           Power        Failure   Level  Hunger
a - Flame Tongue          Conj/Fire      ###..        3%          1    None
b - Throw Flame           Conj/Fire      ###...       6%          2    ##.....
c - Conjure Flame         Conj/Fire      ###.....     12%         3    ###....


Dungeon Overview and Level Annotations

Branches:
Dungeon (3/15)

Altars:
Fedhas
Kikubaaqudgha
Okawaru
Uskayaw
Zin

Annotations:
D:3 Terence


Innate Abilities, Weirdness & Mutations

You cannot wear most types of armour.
You are very stealthy in the water. (Stealth+)
You are amphibious.
You can wear up to eight rings at the same time.
You can use your tentacles to constrict eight enemies at once.
Your skin changes colour to match your surroundings (Stealth+).
Your rubbery body absorbs attacks. (AC +1, EV +1)


Message History

The orc hits you with a whip of electrocution.
* * * LOW HITPOINT WARNING * * *
The orc priest hits you with a short sword.
* * * LOW HITPOINT WARNING * * *
Casting: Flame Tongue
Confirm with . or Enter, or press ? or * to list all spells.
Aiming: Flame Tongue
Press: ? - help, Shift-Dir - straight line, f/p - orc
Aim: an orc, wielding a whip of electrocution (almost dead, constricted by you)
The flame tongue hits the orc.
You kill the orc!
The orc priest barely misses you.
Casting: Flame Tongue
Confirm with . or Enter, or press ? or * to list all spells.
Aiming: Flame Tongue
Press: ? - help, Shift-Dir - straight line, f - orc priest
Aim: an orc priest, wielding a short sword and wearing a ring mail The flame tongue hits the orc priest.
The orc priest appears unharmed.
The orc priest hits you with a short sword!
You die...

#.# #.# .# #.# . #
#.#############. #
#............#.. .# #
############.#.###.# #
#.#.##..# # #.#)##.# # #.#@...#
# # ############.#)o..###
##.### #...................###
##..... #......#####..........#
#....†. #...................#.#
#.#.### #......#####......###.#
#.# # # #<#...######........#.#
#.#.#
#.##.#............#.#.###.#.###
#.......####.#.##.#.#......# ..


You could see an orc priest.

Vanquished Creatures
  2 orc priests (D:3)
  An orc wizard (D:3)
  An adder (D:2)
  A dart slug (D:1)
  2 leopard geckos (D:3)
  13 orcs (D:3)
  8 bats
  5 giant cockroaches
  12 goblins
  6 hobgoblins
  5 jackals
  3 kobolds
  A quokka (D:3)
  3 ball pythons
  7 frilled lizards
  6 rats
  A fungus (D:2)
77 creatures vanquished.

Notes
Turn   | Place    | Note
-------+----------+-------------------------------------------
     0 | D:1      | gobwax the Octopode Fire Elementalist began the quest for the Orb.
     0 | D:1      | Reached XP level 1. HP: 11/11 MP: 3/3
   335 | D:1      | Reached XP level 2. HP: 7/17 MP: 3/5
  1063 | D:1      | Reached XP level 3. HP: 13/21 MP: 7/7
  1301 | D:2      | Found a blossoming altar of Fedhas.
  1317 | D:2      | Found an iron altar of Okawaru.
  1770 | D:2      | Found an ancient bone altar of Kikubaaqudgha.
  1770 | D:2      | Found a glowing silver altar of Zin.
  1803 | D:2      | Found a hide-covered altar of Uskayaw.
  1808 | D:2      | Reached XP level 4. HP: 27/27 MP: 4/8
  1865 | D:3      | Noticed Terence
  1965 | D:3      | Learned a level 2 spell: Throw Flame
  1969 | D:3      | Learned a level 3 spell: Conjure Flame
  2088 | D:3      | Reached skill level 4 in Fire Magic
  2100 | D:3      | Reached XP level 5. HP: 17/31 MP: 1/10
  2112 | D:3      | HP: 1/31 [jackal (3)]
  2227 | D:3      | Found a faded altar of an unknown god.
  2707 | D:3      | Mangled by an orc priest

Skill      XL: |  1  2  3  4 |
---------------+-------------+-----
Spellcasting   | 3 |  3.8
Fire Magic     | 4 |  4.2
Conjurations   | 2 |  2.4
Dodging        | |  2.0
Stealth        | |  2.6

Action                   |  1- 3 |  4- 6 || total
-------------------------+-------+-------++-------
Melee: Unarmed           |    67 |    54 ||   121
       Constrict         |    21 |    13 ||    34
       Tentacles         |     8 |     5 ||    13
 Cast: Flame Tongue      |    52 |    47 ||    99
       Conjure Flame     |       |     2 ||     2
  Use: Scroll            |       |     5 ||     5
       Potion            |       |     4 ||     4
 Stab: Sleeping          |     2 |       ||     2
  Eat: Chunk             |     2 |     4 ||     6
Armor: Skin              |    18 |       ||    18
Dodge: Dodged            |    71 |    54 ||   125
